 Dungeon Crawl Stone Soup version 0.30-a0-263-ge22c4ad894 (webtiles) character file.

Game seed: 6222713951992411756

86 IdlyInterested the Trooper (level 4, 0/35 HPs)
             Began as a Demonspawn Wanderer on Oct 13, 2022.
             Slain by a gnoll
             ... wielding a +0 halberd
             ... led by a gnoll bouda
              (11 damage)
             ... on level 3 of the Dungeon.
             The game lasted 00:06:51 (1530 turns).

IdlyInterested the Trooper (Demonspawn Wanderer)    Turns: 1530, Time: 00:06:52

Health: 0/35       AC: 21    Str: 10    XL:     4   Next: 26%
Magic:  5/5        EV: 10    Int: 13    God:
Gold:   87         SH:  0    Dex: 17    Spells: 4/5 levels left

rFire   . . .      SeeInvis .    g - +2 dagger (protect)
rCold   . . .      Faith    .    (no shield)
rNeg    . . .      Spirit   .    c - +0 ring mail
rPois   .          Reflect  .    (no helmet)
rElec   .          Harm     .    (no cloak)
rCorr   .          Rampage  .    (no gloves)
Will    .....                    (no boots)
Stlth   ..........               r - amulet of the acrobat
HPRegen 0.25/turn                (no ring)
MPRegen 0.09/turn                (no ring)

@: confused, ambrosia-drunk, sanguine armoured, under a protective aura, hasted,
very quick
A: sanguine armour 2
a: no special abilities


You were on level 3 of the Dungeon.
You visited 1 branch of the dungeon, and saw 3 of its levels.

You collected 87 gold pieces.

Inventory:

Hand Weapons
 a - a +2 dagger
 g - a +2 dagger of protection (weapon)
 h - a +0 short sword
 q - a +0 flail
Missiles
 b - 4 curare-tipped darts
 f - 22 stones (quivered)
 j - 6 poisoned darts
Armour
 c - a +0 ring mail (worn)
 l - a +0 leather armour
 m - a +0 scale mail
Jewellery
 r - an amulet of the acrobat (around neck)
 s - a ring of ice
Wands
 k - a wand of flame (2)
Scrolls
 e - 2 scrolls of identify
 o - a scroll of vulnerability
 p - a scroll of teleportation {unknown}
Potions
 i - a potion of mutation
 n - a potion of ambrosia


   Skills:
 * Level 3.3 Fighting
 - Level 2.6 Throwing
 - Level 1.0 Armour
 - Level 1.0 Dodging
 * Level 3.1 Stealth
 - Level 1.0 Spellcasting
 - Level 1.0 Hexes


You had 4 spell levels left.
You knew the following spells:

 Your Spells              Type           Power      Damage    Failure   Level
a - Slow                  Hex            12%        N/A       43%         1

Your spell library contained the following spells:

 Spells                   Type           Power      Damage    Failure   Level
 Necrotise                Necr           0%         1d4       56%         1
 Ensorcelled Hibernation  Hex/Ice        2%         N/A       65%         2
 Sublimation of Blood     Necr           0%         N/A       71%         2
 Wereblood                Tmut           0%         N/A       71%         2
 Tukima's Dance           Hex            3%         N/A       80%         3
 Spider Form              Tmut/Pois      0%         N/A       91%         3
 Vampiric Draining        Necr           0%         2d6       91%         3
 Anguish                  Hex/Necr       0%         N/A       99%         4
 Agony                    Necr           0%         N/A       100%        5
 Summon Hydra             Summ           0%         N/A       100%        7


Dungeon Overview and Level Annotations

Branches:
Dungeon (3/15)

Altars:


Innate Abilities, Weirdness & Mutations

When seriously injured, your blood forms thick armour. (AC +9)


Message History

You hit the gnoll.
Your weapon exudes an aura of protection.
The gnoll is moderately wounded.
The gnoll closely misses you.
The gnoll hits you from afar with a +0 spear.
You hit the gnoll. You punch the gnoll.
The gnoll is heavily wounded.
The gnoll hits you with a +0 spear.
The gnoll hits you from afar with a +0 halberd.
Your blood congeals into armour.
The gnoll barely misses you.
You barely miss the gnoll.
The gnoll is heavily wounded.
The gnoll closely misses you. The gnoll barely misses you.
The gnoll hits you from afar with a +0 spear.
You barely miss the gnoll.
The gnoll is heavily wounded.
The gnoll hits you but does no damage. The gnoll completely misses you.
The gnoll hits you but does no damage.
You completely miss the gnoll.
The gnoll is heavily wounded.
The gnoll hits you but does no damage. x2; The gnoll barely misses you.
You hit the gnoll.
The gnoll is severely wounded.
The gnoll hits you but does no damage. The gnoll barely misses you. x2
You hit the gnoll.
You kill the gnoll!
The gnoll hits you but does no damage. The gnoll closely misses you.
The gnoll hits you but does no damage. The gnoll misses you.
Things that are here:
a +0 spear; a gnoll corpse You hit the gnoll but do no damage.
The gnoll barely misses you. The gnoll hits you but does no damage.
You hit the gnoll but do no damage. The gnoll hits you but does no damage.
The gnoll hits you with a +0 halberd!
* * * LOW HITPOINT WARNING * * *
You feel yourself speed up. The gnoll closely misses you. x2
You are confused.
You feel invigorated. The gnoll closely misses you.
The gnoll hits you with a +0 halberd!
You die...

#.......#
#.####. ##
####..###
.## ### ..#
##. ..#
.>##..# #.
#.#
#...g.###
#.#
###..?....g
#.###......#
#.....####.#
#.##gg#
#.##@##
#.##.#
..#..#
#...## #....
♣..#?.
♣<....
#.###. . ..


You could see 2 gnolls.

Vanquished Creatures
  Terence (D:2)
  A gnoll (D:3)
  2 dart slugs
  A ball python (D:1)
  3 bats (D:1)
  3 endoplasms
  10 goblins
  2 hobgoblins
  3 jackals (D:1)
  2 quokkas (D:1)
  6 frilled lizards
  4 kobolds
  4 rats
  A spectral hobgoblin (D:1)
43 creatures vanquished.

Notes
Turn   | Place    | Note
-------+----------+-------------------------------------------
     0 | D:1      | IdlyInterested the Demonspawn Wanderer began the quest for
                  | the Orb.
     0 | D:1      | IdlyInterested set off with the following items: a +2
                  | dagger, 4 curare-tipped darts, a +0 ring mail, a potion of
                  | haste; and the following spell memorised: Slow; and the
                  | following spells available to memorise: Tukima's Dance.
     0 | D:1      | Reached XP level 1. HP: 16/16 MP: 2/2
   172 | D:1      | Gained mutation: When seriously injured, your blood forms
                  | armour. (AC +9) [demonic ancestry]
   172 | D:1      | Reached XP level 2. HP: 22/22 MP: 3/3
   578 | D:1      | Found a faded altar of an unknown god.
   591 | D:1      | Reached XP level 3. HP: 28/28 MP: 4/4
   860 | D:2      | Noticed Terence
   896 | D:2      | Killed Terence
  1241 | D:2      | Gained mutation: When seriously injured, your blood forms
                  | thick armour. (AC +9) [demonic ancestry]
  1241 | D:2      | Reached XP level 4. HP: 33/35 MP: 5/5
  1530 | D:3      | Slain by a gnoll

Illustrated notes

Levels and vault maps discovered:
D:1:      lemuel_arrival_behind_the_door_large, layout_rooms,
          dreamdust_ecumenical_altar_drowned_temple
D:2:      layout_basic, uniq_terence
D:3:      cheibrodos_greedy_goblins, layout_rooms,
          mainiacjoe_overflow_six_doors_small, gammafunk_ghost_arena

Skill      XL: |  1  2  3  4 |
---------------+-------------+-----
Stealth        | 2 3 |  3.1
Fighting       | 3 |  3.3
Throwing       | |  2.6
Armour         | |  1.0
Dodging        | |  1.0
Spellcasting   | |  1.0
Hexes          | |  1.0

Action                   |  1- 3 |  4- 6 || total
-------------------------+-------+-------++-------
Melee: Dagger            |   131 |    25 ||   156
       Punch             |       |     1 ||     1
Throw: Stone             |     5 |       ||     5
  Use: Scroll            |     4 |       ||     4
       Potion            |       |     2 ||     2
 Stab: Sleeping          |     3 |     1 ||     4
Armor: Ring mail         |    65 |    11 ||    76
Dodge: Dodged            |    59 |    21 ||    80

Table legend: (Time is in decaauts)
 A = Elapsed time spent in this place.
 B = Non-inter-level travel time spent in this place.
 C = Inter-level travel time spent in this place.
 D = Time resting spent in this place.
 E = Time spent auto-exploring this place.
 F = Levels seen in this place.
 G = Mean time per level.
                   A        B        C        D        E       F      G
               +--------+--------+--------+--------+--------+-----+--------+
         Total |   1534 |   1331 |    203 |     43 |    732 |   3 |  511.3 |
       Dungeon |   1534 |   1331 |    203 |     43 |    732 |   3 |  511.3 |
               +--------+--------+--------+--------+--------+-----+--------+

Top non-repeatable levels by time:
     D:1: 864 daAuts
     D:2: 626 daAuts
     D:3: 43 daAuts
